 Dungeon Sprint DCSS version 0.28-a0-793-g31680bbd8b (webtiles) character file.

Game seed: 12063601791261968871

1600000 ytrimaz the Demolition Demonspawn (level 15, -11/106 HPs)
             Began as a Demonspawn Gladiator on Nov 3, 2021.
             Was an Elder of Makhleb.
             Mangled by a meat berserker (58 damage)
             ... in the Dungeon (Sprint VIII: "Arena of Blood").
             The game lasted 00:01:00 (16 turns).

ytrimaz the Demolition Demonspawn (DsGl)              Turns: 16, Time: 00:01:01

Health: -11/106    AC:  7    Str: 21    XL:     15   Next: 47%
Magic:  2/26       EV: 17    Int:  9    God:    Makhleb [****..]
Gold:   0          SH:  0    Dex: 15    Spells: 29/29 levels left

rFire   . . .      SeeInvis .   j - +∞ Axe of Woe
rCold   . . .      Faith    .   (shield currently unavailable)
rNeg    . . .      Spirit   .   a - +0 leather armour
rPois   .          Reflect  .   b - +0 helmet
rElec   .          Harm     .   (no cloak)
rCorr   .          Rampage  .   (no gloves)
Will    +....      NoTele   +   (no boots)
Stlth   ++++......              (no amulet)
HPRegen 0.27/turn               (no ring)
MPRegen 0.20/turn               (no ring)

@: no status effects
A: thin metallic scales 1, demonic guardian 3, demonic magic 2, demonic touch 2
a: Renounce Religion, Minor Destruction, Lesser Servant of Makhleb, Major
Destruction


You were in the Dungeon.
You worshipped Makhleb.
Makhleb was greatly pleased with you.
You visited 1 branch

Inventory:

Hand Weapons
 j - the +∞ Axe of Woe (weapon)
   (You found it in the Dungeon)
Missiles
 c - 3 throwing nets (quivered)
Armour
 a - a +0 leather armour (worn)
 b - a +0 helmet (worn)
Scrolls
 i - a scroll of blinking
Potions
 d - a potion of curing
 e - a potion of heal wounds
 f - a potion of haste
 g - 2 potions of magic
 h - a potion of berserk rage


   Skills:
 + Level 6.3 Fighting
 * Level 8.4(9.8) Short Blades
 * Level 7.8(9.5) Long Blades
 * Level 9.1(11.5) Axes
 * Level 7.8(10.9) Maces & Flails
 * Level 7.8(10.9) Polearms
 * Level 7.8(10.5) Staves
 * Level 7.8 Bows
 * Level 7.8 Crossbows
 * Level 8.7 Throwing
 * Level 7.8 Armour
 + Level 10.1 Dodging
 * Level 8.5 Stealth
 * Level 7.8 Shields
 + Level 10.2 Unarmed Combat
 * Level 7.8 Spellcasting
 * Level 8.9 Conjurations
 * Level 8.9 Hexes
 * Level 9.0 Summonings
 * Level 9.8 Necromancy
 * Level 8.2 Translocations
 * Level 9.1 Transmutations
 * Level 9.0 Fire Magic
 * Level 9.0 Ice Magic
 * Level 9.1 Air Magic
 * Level 9.1 Earth Magic
 * Level 9.9 Poison Magic
 * Level 12.7 Invocations
 * Level 9.9 Evocations


You had 29 spell levels left.
You didn't know any spells.
Your spell library was empty.

Dungeon Overview and Level Annotations

Branches:
Dungeon (1/1)

Altars:
Makhleb


Innate Abilities, Weirdness & Mutations

You are partially covered in thin metallic scales. (AC +2)
A powerful demonic guardian rushes to your aid.
Spells you cast may paralyse nearby enemies.
Your touch may inflict irresistible damage on your foes.


Message History

Your Conjurations skill increases to level 8!
Your Hexes skill increases to level 8!
Your Summonings skill gained 2 levels and is now at level 9!
Your Necromancy skill increases to level 9!
Your Translocations skill increases to level 8!
Your Transmutations skill gained 2 levels and is now at level 9!
Your Fire Magic skill gained 2 levels and is now at level 9!
Your Ice Magic skill gained 2 levels and is now at level 9!
Your Air Magic skill gained 2 levels and is now at level 9!
Your Earth Magic skill gained 2 levels and is now at level 9!
Your Poison Magic skill increases to level 9!
Your Invocations skill increases to level 12!
Your Evocations skill increases to level 9!
You have reached level 15!
Your experience leads to an increase in your attributes!
Increase (S)trength, (I)ntelligence, or (D)exterity?
You feel stronger.
Your demonic ancestry asserts itself...
Your magic grows more menacing.
Unknown command.
You slice the meat berserker!!
You slaughter the meat berserker joyfully.
You kill the meat berserker!
Makhleb accepts your kill.
You slash the bag of meat!
You dissect the bag of meat like a pig carcass.
You kill the bag of meat!
Makhleb accepts your kill.
You can now hurl Makhleb's greater destruction.
You feel better.
You hear a shout! x5
The meat berserker rages.
You hear a shout! x8
The meat berserker hits you with a +9 battleaxe!!!
Ouch! That really hurt!
You hear a shout! x2
The meat berserker rages.
You hear a shout! x2
The meat berserker hits you with a +9 battleaxe!!!
Ouch! That really hurt!
You die...

.. .. #.. ..# #..
..# .###.. ..###.
......###......
....o_.....
#.....# . #_.OO_#
. ....#.))@.#....
........3O)......
.......###o......
..###.. o.###O. .
#.. ..# . #.. ..#
o.. ... .O.. ....


You could see 4 meat berserkers, 3 bags of meat and a friendly sun demon
(summoned).

Vanquished Creatures
  4 ogres (D)
  8 orcs (D)
12 creatures vanquished.

Notes
Turn   | Place    | Note
-------+----------+-------------------------------------------
     0 | D        | Found the +∞ Axe of Woe
     0 | D        | ytrimaz the Demonspawn Gladiator began the quest for the
                  | Orb.
     0 | D        | Reached XP level 1. HP: 16/16 MP: 1/1
     1 | D        | Noticed a bag of meat
     3 | D        | Became a worshipper of Makhleb the Destroyer
     3 | D        | Noticed a bag of meat
     5 | D        | Noticed a bag of meat
     5 | D        | Noticed a bag of meat
     5 | D        | Noticed a bag of meat
     6 | D        | Noticed a bag of meat
     7 | D        | Noticed a bag of meat
     8 | D        | Noticed a meat berserker
     9 | D        | Killed a bag of meat
     9 | D        | Killed a bag of meat
     9 | D        | Reached * piety under Makhleb
    10 | D        | Reached skill level 5 in Short Blades
    10 | D        | Reached skill level 5 in Axes
    10 | D        | Reached skill level 5 in Throwing
    10 | D        | Reached skill level 5 in Stealth
    10 | D        | Reached skill level 5 in Conjurations
    10 | D        | Reached skill level 5 in Hexes
    10 | D        | Reached skill level 5 in Summonings
    10 | D        | Reached skill level 5 in Necromancy
    10 | D        | Reached skill level 5 in Transmutations
    10 | D        | Reached skill level 5 in Fire Magic
    10 | D        | Reached skill level 5 in Ice Magic
    10 | D        | Reached skill level 5 in Air Magic
    10 | D        | Reached skill level 5 in Earth Magic
    10 | D        | Reached skill level 8 in Invocations
    10 | D        | Gained mutation: You are partially covered in thin metallic
                  | scales. (AC +2) [demonic ancestry]
    10 | D        | Reached XP level 2. HP: 24/24 MP: 1/7
    10 | D        | Gained mutation: A weak demonic guardian rushes to your
                  | aid. [demonic ancestry]
    10 | D        | Reached XP level 3. HP: 29/29 MP: 1/9
    10 | D        | Reached XP level 4. HP: 36/36 MP: 1/10
    10 | D        | Reached XP level 5. HP: 41/41 MP: 1/12
    10 | D        | Reached XP level 6. HP: 47/47 MP: 1/13
    10 | D        | Gained mutation: Your touch may inflict minor irresistible
                  | damage on your foes. [demonic ancestry]
    10 | D        | Reached XP level 7. HP: 52/52 MP: 1/14
    10 | D        | Reached XP level 8. HP: 59/59 MP: 1/15
    10 | D        | Reached XP level 9. HP: 64/64 MP: 1/16
    10 | D        | Reached XP level 10. HP: 70/70 MP: 1/17
    10 | D        | Gained mutation: Your touch may inflict irresistible damage
                  | on your foes. [demonic ancestry]
    10 | D        | Reached XP level 11. HP: 75/75 MP: 1/18
    10 | D        | Killed a bag of meat
    10 | D        | Noticed a bag of meat
    11 | D        | Reached skill level 5 in Long Blades
    11 | D        | Reached skill level 5 in Maces & Flails
    11 | D        | Reached skill level 5 in Polearms
    11 | D        | Reached skill level 5 in Staves
    11 | D        | Reached skill level 5 in Bows
    11 | D        | Reached skill level 5 in Crossbows
    11 | D        | Reached skill level 5 in Armour
    11 | D        | Reached skill level 5 in Shields
    11 | D        | Reached skill level 5 in Spellcasting
    11 | D        | Reached skill level 5 in Translocations
    11 | D        | Gained mutation: A demonic guardian rushes to your aid.
                  | [demonic ancestry]
    11 | D        | Reached XP level 12. HP: 83/83 MP: 1/19
    11 | D        | Killed a bag of meat
    11 | D        | Killed a bag of meat
    11 | D        | Reached ** piety under Makhleb
    11 | D        | Noticed a bag of meat
    11 | D        | Noticed a meat berserker
    12 | D        | Reached skill level 9 in Invocations
    12 | D        | Gained mutation: A powerful demonic guardian rushes to your
                  | aid. [demonic ancestry]
    12 | D        | Reached XP level 13. HP: 88/88 MP: 1/21
    12 | D        | Noticed a bag of meat
    12 | D        | Noticed a bag of meat
    12 | D        | Noticed a meat berserker
    12 | D        | Noticed a bag of meat
    12 | D        | Noticed a meat berserker
    13 | D        | Noticed a meat berserker
    13 | D        | Killed a meat berserker
    13 | D        | Noticed a meat berserker
    13 | D        | Noticed a meat berserker
    14 | D        | Reached skill level 10 in Invocations
    14 | D        | Gained mutation: Spells you cast may paralyse adjacent
                  | enemies. [demonic ancestry]
    14 | D        | Reached XP level 14. HP: 96/96 MP: 1/23
    14 | D        | Killed a bag of meat
    15 | D        | Reached skill level 11 in Invocations
    15 | D        | Killed a meat berserker
    15 | D        | Reached *** piety under Makhleb
    15 | D        | Killed a bag of meat
    15 | D        | Killed a meat berserker
    15 | D        | Noticed a meat berserker
    16 | D        | Reached skill level 10 in Dodging
    16 | D        | Reached skill level 10 in Unarmed Combat
    16 | D        | Reached skill level 12 in Invocations
    16 | D        | Gained mutation: Spells you cast may paralyse nearby
                  | enemies. [demonic ancestry]
    16 | D        | Reached XP level 15. HP: 99/106 MP: 2/26
    16 | D        | Killed a meat berserker
    16 | D        | Reached **** piety under Makhleb
    16 | D        | Mangled by a meat berserker

Illustrated notes

Levels and vault maps discovered:
D:        meatsprint

Skill      XL: |  1  2  3  4  5  6  7  8  9 10 11 12 13 14 |
---------------+-------------------------------------------+-----
Fighting       | 3 4 6 |  6.3
Short Blades   | 5 6 7 8 |  8.4
Long Blades    | 4 5 6 7 |  7.8
Axes           | 5 6 7 9 |  9.1
Maces & Flails | 4 5 6 7 |  7.8
Polearms       | 4 5 6 7 |  7.8
Staves         | 4 5 6 7 |  7.8
Bows           | 4 5 6 7 |  7.8
Crossbows      | 4 5 6 7 |  7.8
Throwing       | 5 6 7 8 |  8.7
Armour         | 4 5 6 7 |  7.8
Dodging        | 7 8 9 10 | 10.1
Stealth        | 5 6 7 8 |  8.5
Shields        | 4 5 6 7 |  7.8
Unarmed Combat | 6 7 8 10 | 10.2
Spellcasting   | 4 5 6 7 |  7.8
Conjurations   | 5 6 7 8 |  8.9
Hexes          | 5 6 7 8 |  8.9
Summonings     | 5 6 7 9 |  9.0
Necromancy     | 5 6 7 8 9 |  9.8
Translocations | 4 5 6 8 |  8.2
Transmutations | 5 6 7 9 |  9.1
Fire Magic     | 5 6 7 9 |  9.0
Ice Magic      | 5 6 7 9 |  9.0
Air Magic      | 5 6 7 9 |  9.1
Earth Magic    | 5 6 7 9 |  9.1
Poison Magic   | 6 7 8 9 |  9.9
Invocations    | 8 9 10 12 | 12.7
Evocations     | 6 7 8 9 |  9.9

Action                   |  1- 3 |  4- 6 |  7- 9 | 10-12 | 13-15 || total
-------------------------+-------+-------+-------+-------+-------++-------
Melee: Executioner's axe |     1 |       |       |     2 |     4 ||     7

Table legend: (Time is in decaauts)
 A = Elapsed time spent in this place.
 B = Non-inter-level travel time spent in this place.
 C = Inter-level travel time spent in this place.
 D = Time resting spent in this place.
 E = Time spent auto-exploring this place.
 F = Levels seen in this place.
 G = Mean time per level.
                   A        B        C        D        E       F      G
               +--------+--------+--------+--------+--------+-----+--------+
         Total |     18 |     18 |      0 |      0 |      0 |   1 |   18.0 |
       Dungeon |     18 |     18 |      0 |      0 |      0 |   1 |   18.0 |
               +--------+--------+--------+--------+--------+-----+--------+

Top non-repeatable levels by time:
       D: 18 daAuts
